 Dungeon Crawl Stone Soup version 0.25-a0-378-gd2ca0b7745 (webtiles) character file.

Game seed: 1433184618927929608, levelgen mode: deterministic

82 PentaManta the Chopper (level 4, 0/31 HPs)
             Began as an Octopode Fighter on Jan 7, 2020.
             Killed by divine providence
             ... invoked by an orc priest
              (14 damage)
             ... on level 2 of the Dungeon.
             The game lasted 00:01:47 (1210 turns).

PentaManta the Chopper (Octopode Fighter)           Turns: 1210, Time: 00:01:47

Health: 0/31       AC:  1    Str: 15    XL:     4   Next: 43%
Magic:  4/4        EV: 11    Int: 10    God:
Gold:   70         SH:  8    Dex: 12    Spells: 3/3 levels left

rFire    . . .     SeeInvis .   e - +0 dagger
rCold    . . .     Gourm    .   b - +0 shield
rNeg     . . .     Faith    .   (helmet restricted)
rPois    .         Spirit   .   (no amulet)
rElec    .         Reflect  .   (no ring)
rCorr    .         Harm     .   (no ring)
MR       .....                  (no ring)
Stlth    ++........             (no ring)
HPRegen  0.10/turn              (no ring)
MPRegen  0.09/turn              (no ring)
                                (no ring)
                                (no ring)

@: no status effects
A: almost no armour, stealthy swim, amphibious, 8 rings, constrict 8, camouflage
1, gelatinous body 1
a: no special abilities


You were on level 2 of the Dungeon.
You were hungry.

You visited 1 branch of the dungeon, and saw 2 of its levels.

You collected 70 gold pieces.

Inventory:

Hand Weapons
 a - a +0 war axe
 e - a +0 dagger (weapon)
Missiles
 k - 4 atropa-tipped darts (quivered)
Armour
 b - a +0 shield (worn)
Scrolls
 g - a scroll of identify {unknown}
 i - a scroll of teleportation {unknown}
 j - a scroll of fear {unknown}
Potions
 c - 2 potions of might
 f - a potion of curing {unknown}
 h - a potion of agility {unknown}
Comestibles
 d - a ration


   Skills:
 - Level 3.0 Fighting
 * Level 4.5 Axes
 - Level 3.0 Dodging
 - Level 3.0 Shields


You had 3 spell levels left.
You didn't know any spells.
Your spell library was empty.

Dungeon Overview and Level Annotations

Branches:
Dungeon (2/15)

Altars:


Innate Abilities, Weirdness & Mutations

You cannot wear most types of armour.
You are very stealthy in the water. (Stealth+)
You are amphibious.
You can wear up to eight rings at the same time.
You can use your tentacles to constrict eight enemies at once.
Your skin changes colour to match your surroundings (Stealth+).
Your rubbery body absorbs attacks. (AC +1, EV +1)


Message History

Found a helmet.
The rat bites you.
You closely miss the rat. You grab the rat. You constrict the rat.
You block the rat's attack.
You barely miss the rat.
The rat is heavily wounded.
You constrict the rat.
You kill the rat!
The orc priest calls down the wrath of Beogh upon you.
Beogh smites you!
The orc priest shouts!
You hear a shout!
An orc comes into view. It is wielding a +0 war axe.
The orc priest miscasts a cantrip.
The orc throws a boomerang.
The boomerang hits you.
The weapon returns to the orc!
You see here a helmet.
The orc priest invokes the aid of Beogh against you.
Beogh smites you!
You die...

......# #... ..#
#.#.# ......# #.###
##.# #.#.#
#####.....# #.#
#...# ###..## ##.#
###.# #.# #..# ###.#
.# #..# #...# # #..#
#.#.# #..# #.#.#
#@.# #.#.## ##..#
##....##
#.[.###..>...##
###...##........#
####....%..#......##
.......o.........##
####...o...#.##.##
###...o.#.####
#....##.#


You could see 2 orc priests and an orc.

Vanquished Creatures
  An orc priest (D:2)
  An adder (D:2)
  A worm (D:2)
  A dart slug (D:1)
  A ball python (D:1)
  8 bats
  6 giant cockroaches
  2 goblins
  6 hobgoblins
  A frilled lizard (D:1)
  3 kobolds
  5 rats
36 creatures vanquished.

Notes
Turn   | Place    | Note
-------+----------+-------------------------------------------
     0 | D:1      | PentaManta the Octopode Fighter began the quest for the
                  | Orb.
     0 | D:1      | Reached XP level 1. HP: 16/16 MP: 1/1
    62 | D:1      | Reached XP level 2. HP: 21/21 MP: 2/2
   220 | D:1      | Reached skill level 3 in Axes
   885 | D:2      | Reached XP level 3. HP: 19/26 MP: 3/3
  1107 | D:2      | Reached skill level 4 in Axes
  1107 | D:2      | Reached XP level 4. HP: 31/31 MP: 4/4
  1210 | D:2      | Killed from afar by an orc priest

Levels and vault maps discovered:
D:1:      tarquinn_simple_flora_water_b, layout_basic, patterned_corridor
D:2:      layout_loops_ring

Skill      XL: |  1  2  3 |
---------------+----------+-----
Axes           | 3 4 |  4.5
Fighting       | |  3.0
Dodging        | |  3.0
Shields        | |  3.0

Action                   |  1- 3 |  4- 6 || total
-------------------------+-------+-------++-------
Melee: War axe           |     4 |       ||     4
       Dagger            |    50 |    15 ||    65
       Constrict         |    19 |     5 ||    24
       Tentacles         |    14 |     5 ||    19
 Stab: Sleeping          |     4 |     1 ||     5
Armor: Skin              |     9 |       ||     9
Dodge: Dodged            |    21 |     4 ||    25
Block: Shield            |    21 |     7 ||    28

Table legend:
 A = Non-vault XP
 B = Vault XP
 C = Vault XP percentage of total XP
 D = Non-vault monster count
 E = Vault monster count
 F = Vault count percentage of total count
                 A         B        C        D         E       F
            +---------+---------+-------+---------+---------+-------
      Total |     118 |       0 |   0.0 |      36 |       0 |   0.0
            +---------+---------+-------+---------+---------+-------
        D:1 |      33 |       0 |   0.0 |      19 |       0 |   0.0
        D:2 |      85 |       0 |   0.0 |      17 |       0 |   0.0
            +---------+---------+-------+---------+---------+-------
